cohdb
Replays
Latest Replays
All Replays
Popular Replays
Top Player Replays
Match Explorer
How It Works
Community
CoH3 Stats
Reddit
Sign in to upload your games and track your stats! →
Sign in with Steam
Black Dragon Support Heavy
Match 39683979
Overview
Messages
Build Orders
End
Royal Engineer Section
Construct Section Command Post
Selects Air and Sea Battlegroup
Infantry Section
Dingo Light Scout Car
Vickers Machine Gun Team
Infantry Section
Construct Platoon Command Post
Selects Supply Surplus
Unlock M3 Stuart Light Tanks
Infantry Section
M3 Stuart Light Tank
M3 Stuart Light Tank
Light Vehicle Training
M3 Stuart Light Tank
Selects UNKNOWN (223837)
6-pounder Anti-tank Gun Team
Selects Naval Bombardment
Naval Bombardment
Construct Company Command Post
Vickers Machine Gun Team
Construct Field Infirmary
Crusader II Medium Tank
Forward Retreat Point
Naval Bombardment
Crusader II Medium Tank
Armored Vehicle Training
Naval Bombardment
Crusader II Medium Tank
Foot Guards Section
Unlock M3 Grant Medium Tanks
Selects Commando Section Paradrop
Selects Commando Support Section Paradrop
Selects Anti-tank Rocket Loiter
Unlock Towed 17-pounder Anti-tank Guns
Anti-tank Rocket Loiter
Naval Bombardment
CMP 15cwt Truck
17-pounder Anti-tank Gun Team
Anti-tank Rocket Loiter
Foot Guards Section
M3 Grant Medium Tank
Anti-tank Rocket Loiter
Foot Guards Section
Infantry Training
Naval Bombardment
M3 Grant Medium Tank
haha101
Mochi_flamer
kampfer
Mayfly
Olivine-菜的牛逼,佛了
爱飘柔爱拉登
无敌轴心大王
7no2
0
0
Comments
sign in to comment!
No comments posted yet!